 Dungeon Crawl Stone Soup version 0.30-a0-614-ge5ea1257c2 (webtiles) character file.

Game seed: 12260034002132430819

6778 CrazyBamboolord the Thaumaturge (level 10, -5/81 HPs)
             Began as a Purple Draconian Conjurer on Dec 21, 2022.
             Slain by a two-headed ogre
             ... wielding a +0 giant club
              (16 damage)
             ... on level 9 of the Dungeon on Jan 9, 2023.
             The game lasted 00:44:06 (13700 turns).

CrazyBamboolord the Thaumaturge (DrCj)             Turns: 13700, Time: 00:44:07

Health: -5/81      AC:  7    Str: 11    XL:     10   Next: 76%
Magic:  16/23      EV: 13    Int: 22    God:
Gold:   574        SH:  0    Dex:  9    Spells: 7/27 levels left

rFire   . . .      SeeInvis .    y - +8 demon blade "Leech" {vamp, Harm Drain rN+}
rCold   . . .      Faith    .    (no shield)
rNeg    + . .      Spirit   .    (body armour unavailable)
rPois   .          Reflect  .    (helmet restricted)
rElec   .          Harm     +    (no cloak)
rCorr   .          Rampage  .    (no gloves)
Will    +....                    (no boots)
Stlth   ++                       (no amulet)
HPRegen 0.33/turn                g - ring of wizardry
MPRegen 0.18/turn                q - ring of wizardry

@: short of breath
A: breathe power, AC +7, unfitting armour, cold-blooded
a: Breathe Dispelling Energy


You were on level 9 of the Dungeon.
You visited 2 branches of the dungeon, and saw 10 of its levels.

You collected 574 gold pieces.

Inventory:

Hand Weapons
 y - the +8 demon blade "Leech" (weapon) {vamp, Harm Drain rN+}
   (You found it on level 8 of the Dungeon)

   It heals its wielder for a portion of the damage dealt every time it strikes
   a living foe.
   rN:        It protects you from negative energy.
   Drain:     It drains your maximum health when unequipped.
   Harm:      It increases damage dealt and taken.
Armour
 w - a +0 barding
Jewellery
 e - a ring of fire
 g - a ring of wizardry (left hand)
 q - a ring of wizardry (right hand)
Wands
 j - a wand of paralysis (2)
 o - a wand of roots (20)
 p - a wand of polymorph (5)
Scrolls
 b - a scroll of immolation {unknown}
 c - a scroll of poison
 d - a scroll of teleportation
 i - a scroll of blinking
 k - 2 scrolls of enchant armour
 n - 3 scrolls of magic mapping
 r - 4 scrolls of butterflies
 s - 3 scrolls of vulnerability
 z - a scroll of identify
Potions
 a - a potion of magic
 f - a potion of mutation {unknown}
 h - a potion of brilliance
 l - a potion of heal wounds {unknown}
 m - 2 potions of attraction {unknown}
 t - 2 potions of ambrosia {unknown}
 u - a potion of cancellation {unknown}
 v - a potion of invisibility {unknown}
 x - 2 potions of haste {unknown}


   Skills:
 * Level 5.5 Fighting
 + Level 0.3 Long Blades
 * Level 6.4 Dodging
 + Level 3.3 Stealth
 * Level 9.4 Spellcasting
 * Level 9.1 Conjurations
 * Level 5.7 Hexes
 * Level 5.0 Translocations
 - Level 0.3 Fire Magic


You had 7 spell levels left.
You knew the following spells:

 Your Spells              Type           Power      Damage    Failure   Level
a - Magic Dart            Conj           100%       1d8       1%          1
b - Searing Ray           Conj           100%       2d8       1%          2
c - Dazzling Flash        Conj/Hex       86%        N/A       1%          3
d - Iskenderun's Mystic   Conj/Tloc      41%        2d9       1%          4
e - Fulminant Prism       Conj/Hex       21%        3d12      1%          4
f - Mephitic Cloud        Conj/Pois/Air  24%        N/A       1%          3
g - Teleport Other        Tloc           32%        N/A       1%          3

Your spell library contained the following spells:

 Spells                   Type           Power      Damage    Failure   Level
 Beastly Appendage        Tmut           20%        N/A       1%          1
 Inner Flame              Hex/Fire       23%        N/A       1%          3
 Call Imp                 Summ           10%        N/A       2%          2
 Scorch                   Fire           24%        2d6       2%          2
 Wereblood                Tmut           10%        N/A       2%          2
 Flame Wave               Conj/Fire      31%        2d9       2%          4
 Sticky Flame             Conj/Fire      31%        2d5       2%          4
 Spider Form              Tmut/Pois      10%        N/A       5%          3
 Summon Forest            Summ/Tloc      10%        N/A       17%         5
 Eringya's Noxious Bog    Tmut/Pois      5%         N/A       90%         6
 Summon Cactus Giant      Summ           5%         N/A       90%         6
 Summon Hydra             Summ           5%         N/A       100%        7


Dungeon Overview and Level Annotations

Branches:
Dungeon (9/15)             Temple (1/1) D:7
   Lair: D:8-11         Orc: D:9-12

Altars:
Ashenzari
Elyvilon
Fedhas
Hepliaklqana
Kikubaaqudgha
Makhleb
Nemelex Xobeh
Wu Jian
Yredelemnul
Zin
The Shining One

Shops:
D:3 :


Innate Abilities, Weirdness & Mutations

You can breathe bolts of dispelling energy.
Your rich purple scales are hard. (AC +7)
You cannot fit into any form of body armour.
You are cold-blooded and may be slowed by cold attacks.


Message History

The searing ray hits the bullfrog!
The bullfrog is almost dead.
The bullfrog closely misses you.
Casting: Searing Ray (safe; 1% risk of failure)
Confirm with . or Enter, or press ? or * to list all spells.
Restarting spell: Searing Ray (safe; 1% risk of failure)
Press: ? - help, Shift-Dir - straight line
Okay, then.
Unknown command.
The searing ray hits the bullfrog.
You kill the bullfrog!
There is an open door here.
Casting: Searing Ray (safe; 1% risk of failure)
Confirm with . or Enter, or press ? or * to list all spells.
Aiming: Fulminant Prism (mildly dangerous; 1% risk of failure)
Press: ? - help, Dir - move target You conjure a prism of explosive energy!
A fulminant prism comes into view.
Your fulminant prism crackles loudly.
Your fulminant prism explodes!
The blast of energy engulfs the two-headed ogre!!
The two-headed ogre is heavily wounded.
You hear a loud, deep croak!
You open the door.
Found a sling.
There is an open door here.
The two-headed ogre attacks as you move away!
The two-headed ogre hits you with a +0 giant club!! x2
You see here a +0 sling.
Aiming: Breathe Dispelling Energy (3% risk of failure)
Press: ? - help, Shift-Dir - straight line, f - two-headed ogre
Aim: a two-headed ogre, wielding two +0 giant clubs (heavily wounded, 78% to hit)
You breathe a bolt of dispelling energy.
The bolt of dispelling energy hits the two-headed ogre!
The two-headed ogre is severely wounded.
The two-headed ogre attacks as you move away!
The two-headed ogre hits you with a +0 giant club!
* * * LOW HITPOINT WARNING * * *
The two-headed ogre hits you with a +0 giant club!
You die...

#..# ####'######
#.....#...#
###.#.#.#.#
####...#...#.##
###..'.#######.'.
#..)##.....#.#.##
##O##########.#.##
#@.# #.......#.#
+..## #.###.###.#
#### #...#.....#
#######'### #..#
#.## #######'##
.........#
.........###


You could see a two-headed ogre.

Vanquished Creatures
  An ugly thing (D:7)
  4 kobold demonologists
  A troll (D:9)
  Prince Ribbit (D:7)
  A vampire (D:6)
  2 steam dragons (D:8)
  Menkaure (D:7)
  A water moccasin (D:8)
  A sky beast (D:5)
  A black bear (D:7)
  4 orc warriors
  4 ice beasts
  3 centaurs (D:8)
  7 ogres
  2 kobold brigands
  A phantom (D:6)
  A bullfrog (D:9)
  A gnoll sergeant (D:9)
  2 scorpions (D:4)
  2 water moccasin zombies (D:5)
  11 wights
  6 killer bees (D:8)
  A bullfrog zombie (D:5)
  6 hounds
  6 jellies
  3 orc priests
  A human zombie (D:5)
  5 orc wizards
  6 iguanas
  2 hound zombies (D:5)
  2 howler monkey zombies (D:5)
  2 mummies (D:5)
  10 gnolls
  6 adders
  An ufetubus (D:6)
  3 dart slugs
  42 orcs
  7 endoplasms
  5 giant cockroaches
  11 goblins
  5 hobgoblins
  A quokka (D:3)
  8 ball pythons
  A bat (D:3)
  3 frilled lizards
  17 kobolds
  5 rats
217 creatures vanquished.

Vanquished Creatures (others)
  49 fulminant prisms
49 creatures vanquished.

Grand Total: 266 creatures vanquished

Notes
Turn   | Place    | Note
-------+----------+-------------------------------------------
     0 | D:1      | CrazyBamboolord the Draconian Conjurer began the quest for
                  | the Orb.
     0 | D:1      | Reached XP level 1. HP: 14/14 MP: 3/3
   251 | D:1      | Found a faded altar of an unknown god.
   330 | D:1      | Reached skill level 1 in Fighting
   330 | D:1      | Reached XP level 2. HP: 23/23 MP: 3/5
   502 | D:1      | Learned a level 2 spell: Searing Ray
  1283 | D:2      | Reached XP level 3. HP: 28/28 MP: 0/6
  2032 | D:3      | Found Hojeich's Vocational Training.
  2040 | D:3      | Reached XP level 4. HP: 35/35 MP: 0/7
  2050 | D:3      | Learned a level 3 spell: Dazzling Flash
  2113 | D:3      | Upgraded the game from 0.30-a0-476-g330ca2eb8e to
                  | 0.30-a0-509-gd016549fea
  2242 | D:3      | Reached skill level 5 in Conjurations
  2820 | D:3      | Got Xonorakk's Atlas of Twisted Shaping
  3927 | D:4      | Found a sparkling altar of Nemelex Xobeh.
  4109 | D:4      | Noticed a scorpion
  4368 | D:4      | Reached XP level 5. HP: 23/24 MP: 3/9
  5099 | D:5      | Entered Level 5 of the Dungeon
  5105 | D:4      | Reached skill level 1 in Translocations
  5105 | D:4      | Reached XP level 6. HP: 42/46 MP: 4/10
  5318 | D:5      | Reached skill level 1 in Hexes
  5522 | D:5      | Your scales start taking on a rich purple colour.
  5522 | D:5      | Reached XP level 7. HP: 56/56 MP: 4/13
  6037 | D:5      | Reached skill level 5 in Spellcasting
  6583 | D:5      | Reached XP level 8. HP: 50/63 MP: 8/16
  6639 | D:5      | Found an ancient bone altar of Kikubaaqudgha.
  7448 | D:5      | Found a glowing golden altar of the Shining One.
  8160 | D:6      | Learned a level 4 spell: Iskenderun's Mystic Blast
  8165 | D:6      | Learned a level 4 spell: Fulminant Prism
  8169 | D:6      | Learned a level 3 spell: Mephitic Cloud
  8409 | D:5      | Reached XP level 9. HP: 14/71 MP: 13/19
  9267 | D:6      | Upgraded the game from 0.30-a0-509-gd016549fea to
                  | 0.30-a0-614-ge5ea1257c2
  9273 | D:6      | Learned a level 3 spell: Teleport Other
  9284 | D:7      | Noticed a purple ugly thing
  9465 | D:7      | Reached skill level 5 in Dodging
  9526 | D:7      | Noticed a kobold demonologist
  9530 | D:7      | Noticed a kobold demonologist
  9644 | D:7      | Noticed a kobold demonologist
  9654 | D:6      | Killed a kobold demonologist
  9772 | D:7      | Noticed a kobold demonologist
  9789 | D:6      | Noticed a red devil
  9792 | D:6      | Killed a kobold demonologist
  9926 | D:7      | Noticed a hellwing
  9932 | D:6      | Noticed a red devil
  9936 | D:6      | HP: 3/72 [barbs]
 10319 | D:6      | Killed a kobold demonologist
 10433 | D:7      | Noticed a kobold demonologist
 10442 | D:7      | Killed a kobold demonologist
 10443 | D:7      | Reached skill level 5 in Fighting
 10443 | D:7      | Reached XP level 10. HP: 81/81 MP: 1/22
 10574 | D:7      | Noticed Prince Ribbit
 10587 | D:7      | Killed Prince Ribbit
 10679 | D:7      | Killed a purple ugly thing
 10680 | D:7      | Reached skill level 5 in Hexes
 11047 | D:7      | Noticed Menkaure
 11081 | D:7      | Killed Menkaure
 11389 | D:7      | Found a staircase to the Ecumenical Temple.
 11547 | Temple   | Entered the Ecumenical Temple
 12105 | D:8      | Found the +8 demon blade "Leech" {vamp, Harm Drain rN+}
 12340 | D:8      | Found an ornate altar of the Wu Jian Council.
 13002 | D:9      | Reached skill level 5 in Translocations
 13681 | D:9      | Noticed a two-headed ogre
 13700 | D:9      | Slain by a two-headed ogre

Illustrated notes

Levels and vault maps discovered:
D:1:      psy_arrival_radial02, layout_loops_ring, ebering_ecumenical_altar_box
D:2:      layout_rooms, serial_park_tiny_1
D:3:      layout_loops_ring, nicolae_shop_vocational
D:4:      kennysheep_the_goblin_king, layout_loops_ring,
          overflow_temple_1_default
D:5:      layout_layer_cave, lemuel_mausoleum_altar_kikubaaqudgha,
          lemuel_crystal_altar
D:6:      layout_loops_corners, grunt_potential
D:7:      layout_gridville, minmay_temple_entry_poolview, uniq_prince_ribbit1,
          uniq_menkaure
D:8:      layout_basic, nzn_wu_jian_contemplation, grunt_ministairs_10,
          dreamdust_deal_with_the_devil
D:9:      layout_roguey [special_room_orc], grunt_temple_overflow_open,
          mainiacjoe_overflow_concentric_impassable
Temple:   nicolae_temple_bog_church

Skill      XL: |  1  2  3  4  5  6  7  8  9 10 |
---------------+-------------------------------+-----
Fighting       | 1 2 3 4 5 |  5.5
Dodging        | 2 3 4 5 6 |  6.4
Conjurations   | 5 6 7 8 9 |  9.1
Stealth        | 2 3 |  3.3
Spellcasting   | 3 4 5 6 8 9 |  9.4
Translocations | 1 2 4 5 |  5.0
Hexes          | 1 2 3 4 5 |  5.7
Long Blades    | |  0.3
Fire Magic     | |  0.3

Action                   |  1- 3 |  4- 6 |  7- 9 | 10-12 || total
-------------------------+-------+-------+-------+-------++-------
Melee: Unarmed           |    13 |    38 |     2 |       ||    53
       Tailslap          |     2 |     4 |       |     1 ||     7
       Demon blade       |       |       |       |     4 ||     4
 Cast: Magic Dart        |    74 |    76 |    55 |    77 ||   282
       Searing Ray       |     1 |    24 |    55 |     9 ||    89
       Iskenderun's Myst |       |       |    10 |     2 ||    12
       Mephitic Cloud    |       |       |     2 |     1 ||     3
       Fulminant Prism   |       |       |    14 |    35 ||    49
       Teleport Other    |       |       |     5 |       ||     5
       Dazzling Flash    |       |       |     4 |       ||     4
 Abil: Breathe Dispellin |       |       |    19 |     3 ||    22
Evoke: Wand              |       |       |     1 |       ||     1
  Use: Scroll            |       |     6 |     7 |     1 ||    14
       Potion            |       |       |     7 |       ||     7
Armor: Skin              |     1 |    34 |    44 |    11 ||    90
Dodge: Dodged            |    20 |    74 |    99 |    23 ||   216

Table legend: (Time is in decaauts)
 A = Elapsed time spent in this place.
 B = Non-inter-level travel time spent in this place.
 C = Inter-level travel time spent in this place.
 D = Time resting spent in this place.
 E = Time spent auto-exploring this place.
 F = Levels seen in this place.
 G = Mean time per level.
                   A        B        C        D        E       F      G
               +--------+--------+--------+--------+--------+-----+--------+
         Total |  13722 |  12854 |    868 |   3238 |   7909 |  10 | 1372.2 |
       Dungeon |  13476 |  12625 |    851 |   3238 |   7694 |   9 | 1497.3 |
        Temple |    246 |    229 |     17 |      0 |    215 |   1 |  246.0 |
               +--------+--------+--------+--------+--------+-----+--------+

Top non-repeatable levels by time:
     D:5: 2526 daAuts
     D:6: 2149 daAuts
     D:3: 1897 daAuts
     D:4: 1541 daAuts
     D:7: 1443 daAuts
     D:1: 1285 daAuts
     D:8: 1134 daAuts
     D:9: 749 daAuts
     D:2: 749 daAuts
  Temple: 246 daAuts
